 Dungeon Crawl Stone Soup version 0.29.1-4-g47bece8355 (webtiles) character file.

Game seed: 7016856671846729012

77 ChadusMaximus the Caller (level 4, -8/30 HPs)
             Began as a Human Summoner on Dec 7, 2022.
             Blown up by Ijyb (19 damage)
             ... with a mindburst bolt
             ... on level 3 of the Dungeon.
             The game lasted 00:04:37 (3883 turns).

ChadusMaximus the Caller (Human Summoner)           Turns: 3883, Time: 00:04:38

Health: -8/30      AC: 10    Str:  8    XL:     4   Next: 58%
Magic:  2/8        EV: 14    Int: 18    God:
Gold:   135        SH:  0    Dex: 16    Spells: 2/8 levels left

rFire   . . .      SeeInvis +   l - +0 mace
rCold   x . .      Faith    .   (no shield)
rNeg    . . .      Spirit   .   v - +4 ring mail of Cowardice {+Blink rC- Dex+3 SInv}
rPois   .          Reflect  .   (no helmet)
rElec   .          Harm     .   (no cloak)
rCorr   .          Rampage  .   c - +0 pair of gloves
Will    .....                   (no boots)
Stlth   +.........              (no amulet)
HPRegen 0.10/turn               d - ring of wizardry
MPRegen 0.11/turn               e - +4 ring of evasion

@: no status effects
A: no striking features
a: Evoke Blink


You were on level 3 of the Dungeon.
You visited 1 branch of the dungeon, and saw 3 of its levels.

You collected 135 gold pieces.

Inventory:

Hand Weapons
 l - a +0 mace (weapon)
Armour
 a - a +0 robe
 c - a +0 pair of gloves (worn)
 f - a +0 buckler
 v - the +4 ring mail of Cowardice (worn) {+Blink rC- Dex+3 SInv}
   (You found it on level 3 of the Dungeon)

   Dex:       It affects your dexterity (+3).
   rC:        It makes you vulnerable to cold.
   SInv:      It lets you see invisible.
   +Blink:    It lets you blink.
Jewellery
 d - a ring of wizardry (left hand)
 e - a +4 ring of evasion (right hand)
 k - a +6 ring of dexterity
 m - a ring of protection from cold
 n - an amulet of faith
 o - a ring of magical power
Wands
 y - a wand of mindburst (7)
Scrolls
 j - a scroll of amnesia {unknown}
 q - a scroll of blinking {unknown}
 r - 3 scrolls of identify {unknown}
 t - a scroll of teleportation {unknown}
 u - a scroll of silence {unknown}
 w - a scroll of fog {unknown}
Potions
 b - 2 potions of magic
 g - 2 potions of curing
 h - a potion of cancellation {unknown}
 i - a potion of flight {unknown}
 p - a potion of might {unknown}
 s - a potion of heal wounds {unknown}
 x - a potion of lignification {unknown}


   Skills:
 - Level 2.1 Dodging
 - Level 2.1 Stealth
 + Level 2.8 Spellcasting
 * Level 5.1 Summonings


You had 2 spell levels left.
You knew the following spells:

 Your Spells              Type           Power      Damage    Failure   Level
a - Summon Small Mammal   Summ           84%        N/A       2%          1
b - Call Canine Familiar  Summ           21%        N/A       8%          3
c - Call Imp              Summ           21%        N/A       4%          2

Your spell library contained the following spells:

 Spells                   Type           Power      Damage    Failure   Level
 Blink                    Tloc           4%         N/A       30%         2
 Summon Guardian Golem    Hex/Summ       11%        N/A       21%         3
 Summon Lightning Spire   Summ/Air       11%        N/A       54%         4
 Manifold Assault         Tloc           2%         N/A       99%         5
 Storm Form               Tmut/Air       1%         N/A       100%        7


Dungeon Overview and Level Annotations

Branches:
Dungeon (3/15)

Altars:

Annotations:
D:3 Ijyb


Message History

Confirm with . or Enter, or press ? or * to list all spells.
Ijyb zaps a wand.
Your quokka's mind is blasted!
Your quokka is blown up!
Your quokka's corpse disappears in a puff of smoke!
Your hound barely misses Ijyb.
You hit Ijyb. Your punch misses Ijyb.
Ijyb is moderately wounded.
Your bat hits Ijyb but does no damage.
Your hound bites Ijyb.
Ijyb closely misses you.
Your hound bites Ijyb but does no damage.
Ijyb hits you with a +0 club.
Unknown command.
You hit Ijyb.
Ijyb is heavily wounded.
Your bat barely misses Ijyb.
Your hound barely misses Ijyb.
Ijyb screams, "Level is mine!
All mine!"
Ijyb zaps a wand.
Your mind is blasted!
Ouch! That really hurt!
* * * LOW HITPOINT WARNING * * *
Your hound bites Ijyb but does no damage.
Ijyb hits you but does no damage.
Unknown command.
Your bat hits Ijyb but does no damage.
Your hound bites Ijyb but does no damage.
Ijyb barely misses you.
Your hound bites Ijyb but does no damage.
Ijyb closely misses you.
You swap places.
Your bat closely misses Ijyb.
Your hound closely misses Ijyb.
Ijyb closely misses your hound.
You feel better.
Your bat hits Ijyb but does no damage.
Your hound bites Ijyb.
Ijyb barely misses your hound.
Your hound bites Ijyb.
Ijyb hits your hound with a +0 club.
Your bat hits Ijyb but does no damage.
Your hound closely misses Ijyb.
Ijyb misses your bat.
Your bat misses Ijyb.
Your magical contamination has completely faded away.
Your bat hits Ijyb but does no damage.
Your hound barely misses Ijyb.
Ijyb zaps a wand.
You barely resist.
Your hound bites Ijyb.
Ijyb zaps a wand.
Your mind is blasted!
Ouch! That really hurt!
You die...

.....g.#...#
##########...#
#............#
#............#
+##.....##'##
#.....#...#
#gh...#)..#
#...b.#...# ..##+
#..)@)##'## ....g
#.....#...#
≈.....#.....#...#
≈≈≈≈≈≈#.....#≈≈≈#
≈≈≈≈≈##'''##≈≈≈#
...≈≈≈≈...≈≈≈≈#
.#.###≈≈...≈≈###
.............#
##.#########.#


You could see Ijyb (fast, ally target), a friendly hound (summoned) and a
friendly bat (summoned).

Vanquished Creatures
  2 adders (D:2)
  A bat (D:2)
  5 endoplasms
  2 giant cockroaches (D:2)
  5 goblins
  A hobgoblin (D:2)
  2 jackals (D:2)
  2 kobolds
  9 ball pythons
  A frilled lizard (D:2)
  2 rats
32 creatures vanquished.

Vanquished Creatures (collateral kills)
  2 bats (D:1)
  An endoplasm (D:2)
  7 goblins
  A hobgoblin (D:1)
  4 jackals
  A frilled lizard (D:2)
  2 kobolds
  2 rats (D:1)
20 creatures vanquished.

Grand Total: 52 creatures vanquished

Notes
Turn   | Place    | Note
-------+----------+-------------------------------------------
     0 | D:1      | ChadusMaximus the Human Summoner began the quest for the
                  | Orb.
     0 | D:1      | Reached XP level 1. HP: 13/13 MP: 3/3
   546 | D:1      | Reached XP level 2. HP: 12/19 MP: 1/5
  1660 | D:2      | Reached XP level 3. HP: 21/24 MP: 4/6
  1664 | D:2      | Learned a level 3 spell: Call Canine Familiar
  1667 | D:2      | Learned a level 2 spell: Call Imp
  1697 | D:2      | Identified the +3 scale mail of Bedazzled Amelioration
                  | {Rampage rElec rC- Str+3}
  2449 | D:2      | Reached XP level 4. HP: 28/30 MP: 4/7
  2915 | D:3      | Found a faded altar of an unknown god.
  3034 | D:3      | Identified the +4 ring mail of Cowardice {+Blink rC- Dex+3
                  | SInv}
  3155 | D:3      | Reached skill level 5 in Summonings
  3637 | D:3      | Noticed Ijyb
  3869 | D:3      | Identified the ring "Heaps" {rC+ Will+}
  3883 | D:3      | Blown up by Ijyb

Illustrated notes

Levels and vault maps discovered:
D:1:      lightli_arrival_maybe_door_vault, layout_loops_corners,
          minmay_misc_feat_square
D:2:      layout_basic
D:3:      kennysheep_goblin_castle, layout_basic, serial_curves, eino_curves_04,
          eino_curves_02, hellmonk_ecumenical_altar_leap_of_faith

Skill      XL: |  1  2  3  4 |
---------------+-------------+-----
Summonings     | 5 |  5.1
Dodging        | |  2.1
Stealth        | |  2.1
Spellcasting   | |  2.8

Action                   |  1- 3 |  4- 6 || total
-------------------------+-------+-------++-------
Melee: Unarmed           |    44 |       ||    44
       Mace              |    55 |    59 ||   114
       Punch             |       |     1 ||     1
 Cast: Summon Small Mamm |    21 |     7 ||    28
       Call Canine Famil |     2 |     5 ||     7
       Call Imp          |       |     2 ||     2
 Abil: Evoke Blink       |       |     1 ||     1
  Use: Potion            |       |     1 ||     1
 Stab: Distracted        |     1 |       ||     1
       Sleeping          |     5 |       ||     5
Armor: Robe              |    31 |    11 ||    42
       Ring mail         |       |    10 ||    10
Dodge: Dodged            |   108 |    72 ||   180
